 Dungeon Crawl Stone Soup version 0.29-a0-284-gf9362112df (webtiles) character file.

Game seed: 8417370719213440380

7 Colgate the Sneak (level 1, -2/9 HPs)
             Began as a Spriggan Enchanter on Mar 14, 2022.
             Slain by a jackal (3 damage)
             ... on level 1 of the Dungeon.
             The game lasted 00:00:36 (246 turns).

Colgate the Sneak (Spriggan Enchanter)               Turns: 246, Time: 00:00:37

Health: -2/9       AC:  2    Str:  4    XL:     1   Next: 83%
Magic:  5/5        EV: 17    Int: 16    God:
Gold:   23         SH:  0    Dex: 15    Spells: 5/5 levels left

rFire   . . .      SeeInvis +   a - +1 dagger
rCold   . . .      Faith    .   (no shield)
rNeg    . . .      Spirit   .   b - +0 robe
rPois   .          Reflect  .   (helmet restricted)
rElec   .          Harm     .   (no cloak)
rCorr   .          Rampage  .   (gloves unavailable)
Will    .....                   (boots unavailable)
Stlth   +++.......              (no amulet)
HPRegen 0.03/turn               (no ring)
MPRegen 0.09/turn               (no ring)

@: very quick
A: very small, no large weapons, unfitting armour, see invisible, speed 3
a: no special abilities


You were on level 1 of the Dungeon.
You visited 1 branch of the dungeon, and saw 1 of its levels.

You collected 23 gold pieces.

Inventory:

Hand Weapons
 a - a +1 dagger (weapon)
Armour
 b - a +0 robe (worn)
Potions
 c - 2 potions of invisibility
 d - 2 potions of heal wounds {unknown}


   Skills:
 - Level 1.1 Short Blades
 - Level 2.6 Dodging
 - Level 4.4 Stealth
 - Level 2.6 Spellcasting
 + Level 4.2 Hexes


You had 5 spell levels left.
You didn't know any spells.
Your spell library contained the following spells:

 Spells                   Type           Power      Damage    Failure   Level
 Confusing Touch          Hex            15%        N/A       10%         3
 Tukima's Dance           Hex            15%        N/A       10%         3
 Ensorcelled Hibernation  Hex/Ice        16%        N/A       12%         2
 Dazzling Flash           Conj/Hex       16%        N/A       24%         3


Dungeon Overview and Level Annotations

Branches:
Dungeon (1/15)

Altars:


Innate Abilities, Weirdness & Mutations

You are very small and have problems with some larger weapons.
You are too small for most types of armour.
You have supernaturally acute eyesight. (SInv)
You cover ground extremely quickly. (Speed+++)


Message History

No target in view!
No target in view!
No target in view!
No target in view!
You see here a giant cockroach corpse.
You see here a giant cockroach corpse.
A hobgoblin comes into view.
A jackal comes into view.
The helpless hobgoblin fails to defend itself.
You puncture the hobgoblin!
You kill the hobgoblin!
The jackal barks!
A jackal comes into view.
A jackal comes into view.
You see here a hobgoblin corpse.
The jackal barks! x2; You hear an angry hiss.
A frilled lizard comes into view.
You barely miss the jackal. The jackal bites you.
You closely miss the jackal. The jackal barely misses you.
You closely miss the jackal. You closely miss the jackal.
The jackal barely misses you.
You hit the jackal. The jackal closely misses you.
The jackal completely misses you. The jackal bites you. x2
You are too injured to fight recklessly!
You are too injured to fight recklessly!
You are too injured to fight recklessly!
You are too injured to fight recklessly!
You are too injured to fight recklessly!
You are too injured to fight recklessly!
You are too injured to fight recklessly!
You are too injured to fight recklessly!
You hit the jackal but do no damage. The jackal completely misses you.
The jackal bites you.
You hit the jackal. The jackal bites you.
* * * LOW HITPOINT WARNING * * *
The jackal misses you.
The jackal bites you but does no damage.
The jackal closely misses you.
You barely miss the jackal. The jackal bites you.
You die...

#.## ### ##.###.#
#...#.#####
#..#.)###.# #+#
#####.....# #.# ..
#.##########.# ##
#.........†..##
###########..h######
#..@hl....#
#...h.###.# #.#.#.#
#.###... #. ... ##
####


You could see 3 jackals and a frilled lizard.

Vanquished Creatures
  An endoplasm (D:1)
  A giant cockroach (D:1)
  A goblin (D:1)
  A hobgoblin (D:1)
  A kobold (D:1)
  A rat (D:1)
6 creatures vanquished.

Notes
Turn   | Place    | Note
-------+----------+-------------------------------------------
     0 | D:1      | Colgate the Spriggan Enchanter began the quest for the Orb.
     0 | D:1      | Reached XP level 1. HP: 9/9 MP: 5/5
   246 | D:1      | Slain by a jackal

Illustrated notes

Levels and vault maps discovered:
D:1:      elethiomel_arrival_shortcut, layout_loops_corners, serial_aquarium,
          aquarium_bridge_square [aquarium_subvault_bridge,
          aquarium_subvault_wall, aquarium_subvault_window,
          aquarium_subvault_wall], aquarium_window_fake, aquarium_window_2,
          aquarium_window_fake, aquarium_view_2b, aquarium_view_2e,
          aquarium_balcony_double_4, aquarium_pool_split

Skill      XL: |  1 |
---------------+----+-----
Hexes          | 4 |  4.2
Short Blades   | |  1.1
Dodging        | |  2.6
Stealth        | |  4.4
Spellcasting   | |  2.6

Action                   || total
-------------------------++-------
Melee: Dagger            ||    22
 Stab: Sleeping          ||     2
Armor: Robe              ||     2
Dodge: Dodged            ||    13

Table legend: (Time is in decaauts)
 A = Elapsed time spent in this place.
 B = Non-inter-level travel time spent in this place.
 C = Inter-level travel time spent in this place.
 D = Time resting spent in this place.
 E = Time spent auto-exploring this place.
 F = Levels seen in this place.
 G = Mean time per level.
                   A        B        C        D        E       F      G
               +--------+--------+--------+--------+--------+-----+--------+
         Total |    171 |    171 |      0 |      0 |    114 |   1 |  171.0 |
       Dungeon |    171 |    171 |      0 |      0 |    114 |   1 |  171.0 |
               +--------+--------+--------+--------+--------+-----+--------+

Top non-repeatable levels by time:
     D:1: 171 daAuts
